 Dungeon Crawl Stone Soup version 0.29.1-2-gbd0b4ee654 (webtiles) character file.

Game seed: 2097732856253409375

10351 snek11 the Cruncher (level 11, -3/83 HPs)
             Began as a Formicid Fighter on Nov 11, 2022.
             Was a Believer of Dithmenos.
             Slain by a death yak (20 damage)
             ... on level 10 of the Dungeon on Nov 12, 2022.
             The game lasted 01:58:36 (21567 turns).

snek11 the Cruncher (Formicid Fighter)             Turns: 21567, Time: 01:58:36

Health: -3/83      AC: 19    Str: 26    XL:     11   Next: 91%
Magic:  11/11      EV:  8    Int:  7    God:    Dithmenos [**....]
Gold:   265        SH:  0    Dex: 16    Spells: 10/10 levels left

rFire   . . .      SeeInvis +   d - +2 quarterstaff (freeze)
rCold   + . .      Faith    .   J - +0 kite shield
rNeg    + . .      Spirit   .   s - +0 plate armour
rPois   .          Reflect  .   (helmet unavailable)
rElec   .          Harm     .   H - +2 cloak
rCorr   .          Rampage  .   t - +0 pair of fencer's gloves {Riposte Dex+3}
Will    +....                   (no boots)
Stlth   ..........              Y - amulet of magic regeneration
HPRegen 0.23/turn               p - ring of protection from cold
MPRegen 0.52/turn               i - ring of positive energy

@: confused, ambrosia-drunk, wreathed by umbra, invisible
A: permanent stasis, dig shafts and tunnels, antennae 3, four strong arms
a: Dig, Shaft Self, Renounce Religion, Shadow Step


You were on level 10 of the Dungeon.
You worshipped Dithmenos.
Dithmenos was pleased with you.
You visited 2 branches of the dungeon, and saw 12 of its levels.
You also visited: Sewer.

You collected 745 gold pieces.
You spent 480 gold pieces at shops.

Inventory:

Hand Weapons
 d - a +2 quarterstaff of freezing (weapon)
 e - the +7 flail of the Distant Future {pain, Str+8}
   (You found it on level 10 of the Dungeon)

   In the hands of one skilled in necromantic magic, it inflicts extra damage on
   living creatures.
   Str:       It affects your strength (+8).
 Q - a +4 dagger of venom
 R - a +1 scimitar of flaming
Missiles
 o - 3 boomerangs (quivered)
 r - 4 atropa-tipped darts
Armour
 s - a +0 plate armour (worn)
 t - the +0 pair of fencer's gloves (worn) {Riposte Dex+3}
   (You bought it in a shop on level 9 of the Dungeon)

   It allows the wearer to riposte with melee weapons, swiftly retaliating
   against missed or blocked melee attacks.
   Dex:       It affects your dexterity (+3).
 G - a +0 pair of gloves
 H - a +2 cloak (worn)
 J - a +0 kite shield (worn)
 N - +0 acid dragon scales
Magical Staves
 x - a staff of cold
 z - a staff of death
Jewellery
 i - a ring of positive energy (right hand)
 l - a ring of flight
 p - a ring of protection from cold (left hand)
 u - a ring of flight
 S - a +6 ring of intelligence
 Y - an amulet of magic regeneration (around neck)
Wands
 b - a wand of iceblast (5)
 q - a wand of mindburst (16)
 w - a wand of charming (8)
 I - a wand of digging (5)
Scrolls
 a - a scroll of poison
 f - 2 scrolls of fog
 g - 7 scrolls of blinking
 k - 2 scrolls of brand weapon
 y - a scroll of magic mapping
 B - 6 scrolls of teleportation
 C - a scroll of summoning
 F - a scroll of enchant armour
 L - 3 scrolls of vulnerability
 T - a scroll of amnesia
 V - 2 scrolls of noise
 Z - a scroll of immolation
Potions
 h - a potion of attraction
 m - a potion of resistance
 n - 3 potions of degeneration
 D - a potion of magic {unknown}
 K - 3 potions of mutation
 M - a potion of flight
 O - 2 potions of cancellation
 P - a potion of brilliance {unknown}
 W - 2 potions of berserk rage
 X - a potion of might
Miscellaneous
 c - a box of beasts


   Skills:
 + Level 6.6 Fighting
 - Level 3.1(8.6) Polearms
 * Level 12.5(12.7) Staves
 + Level 10.3 Armour
 + Level 2.8 Dodging
 + Level 2.1 Stealth
 + Level 9.0 Shields
 + Level 1.2 Evocations


You had 10 spell levels left.
You didn't know any spells.
Your spell library contained the following spells:

 Spells                   Type           Power      Damage    Failure   Level
 Sandblast                Erth           0%         2d4       100%        1
 Passwall                 Tmut/Erth      0%         N/A       100%        2
 Static Discharge         Conj/Air       0%         3-3/arc   100%        2
 Ozocubu's Armour         Ice            0%         N/A       100%        3
 Stone Arrow              Conj/Erth      0%         3d7       100%        3
 Airstrike                Air            0%         2d(0-16)  100%        4
 Summon Lightning Spire   Summ/Air       0%         N/A       100%        4
 Lightning Bolt           Conj/Air       0%         1d11      100%        5
 Ozocubu's Refrigeration  Ice            0%         4d7       100%        7
 Maxwell's Capacitive Co  Air            0%         ∞         100%        8


Dungeon Overview and Level Annotations

Branches:
Dungeon (11/15)            Temple (1/1) D:7             Orc (0/2) D:11
  Sewer (visited)
   Lair: D:8-11

Altars:
Ashenzari
Cheibriados
Dithmenos
Elyvilon
Fedhas
Gozag
Hepliaklqana
Kikubaaqudgha
Makhleb
Nemelex Xobeh
Okawaru
Qazlal
Ru
Sif Muna
Trog
Uskayaw
Vehumet
Wu Jian
Xom
Yredelemnul
Zin
The Shining One

Shops:
D:2 (   D:9 [:[*


Innate Abilities, Weirdness & Mutations

You cannot be hasted, slowed, berserked, paralysed or teleported.
You can dig through walls and to a lower floor.
You have a pair of large antennae on your head. (SInv)
Your four strong arms can wield two-handed weapons with a shield.


Message History

The death yak gores you but does no damage.
You hit the death yak but do no damage.
The death yak is moderately wounded.
The death yak closely misses you.
You sock the death yak! You freeze the death yak.
The death yak is heavily wounded.
The death yak gores you!
You hit the death yak. You freeze the death yak.
The death yak is heavily wounded.
You barely miss the death yak.
The death yak is heavily wounded.
The death yak gores you!
You sock the death yak! You freeze the death yak.
The death yak is severely wounded.
The death yak barely misses you.
You riposte.
You hit the death yak. You freeze the death yak.
The death yak is severely wounded.
You hit the death yak but do no damage.
The death yak is severely wounded.
The death yak gores you! The death yak attacks as you move away!
You block the death yak's attack. The death yak attacks as you move away!
The death yak gores you!
* * * LOW HITPOINT WARNING * * *
You feel better.
The death yak gores you but does no damage.
You fade into invisibility!
The death yak gores you!!
* * * LOW HITPOINT WARNING * * *
Okay, then.
As you read the scroll of fear, it crumbles to dust.
You assume a fearsome visage.
The death yak resists with almost no effort.
You block the death yak's attack.
You are confused.
You feel invigorated.
The death yak gores you but does no damage.
You barely miss the death yak.
The death yak is severely wounded.
The death yak gores you!!
You die...

....###########'##.....#
....'............#.....#
....#............'.....#
#####............#.....#
.................#>....#
....#########....###'###
....#............#.....#
....#............#.....#
....#..........Y@'.....#
....#............#.....#
....#....[.......#.....#
....#.....>#.....#.....#
#####.....[#######.....#
...........#...........#
...........#...........#
...........#...........#
<..........#...........#


You could see a death yak (unable to see you).

Vanquished Creatures
  A two-headed ogre (D:11)
  Erica (D:8)
  A deep elf pyromancer (D:8)
  A komodo dragon (D:10)
  A troll (D:10)
  A hornet (D:10)
  A wraith (D:11)
  3 shadows
  A wyvern (D:9)
  Eustachio (D:4)
  13 yaks
  2 steam dragons
  Menkaure (D:5)
  2 acid dragons
  3 water moccasins
  Pargi (Sewer)
  6 orc warriors
  2 sky beasts
  2 ice beasts
  A black bear (D:6)
  4 centaurs
  The ghost of elongatedgoose the Insei, an amateur OpTm (D:3)
  A phantom (D:4)
  A kobold brigand (D:7)
  2 bullfrogs (D:6)
  A gnoll sergeant (D:9)
  5 scorpions
  A necrophage (D:3)
  12 wights
  7 howler monkeys
  3 jellies
  Crazy Yiuf (D:2)
  2 hounds
  A bullfrog skeleton (D:3)
  A centaur skeleton (D:3)
  4 orc priests
  3 gnoll boudas
  4 iguanas
  13 orc wizards
  19 gnolls
  10 adders
  A howler monkey skeleton (D:3)
  A shadow imp (D:7)
  5 white imps
  An ufetubus (D:6)
  2 dart slugs
  5 worms
  46 orcs
  6 endoplasms
  A giant cockroach (D:1)
  2 goblins
  9 hobgoblins
  6 jackals
  6 quokkas
  16 ball pythons
  6 bats
  8 frilled lizards
  12 kobolds
  5 rats
279 creatures vanquished.

Notes
Turn   | Place    | Note
-------+----------+-------------------------------------------
     0 | D:1      | snek11 the Formicid Fighter began the quest for the Orb.
     0 | D:1      | Reached XP level 1. HP: 18/18 MP: 1/1
    78 | D:1      | You fall into a shaft and drop 1 floor!
   149 | D:2      | Reached XP level 2. HP: 21/24 MP: 2/2
   255 | D:2      | Reached XP level 3. HP: 30/30 MP: 3/3
   393 | D:2      | Found Sizoigg's Weapon Boutique.
   766 | D:1      | Reached XP level 4. HP: 34/37 MP: 4/4
  1163 | D:1      | Found a faded altar of an unknown god.
  2197 | D:2      | Reached XP level 5. HP: 33/42 MP: 5/5
  2617 | D:2      | Found a runed translucent door.
  2618 | D:2      | Noticed Crazy Yiuf
  2630 | D:2      | Killed Crazy Yiuf
  3490 | D:3      | Found a sacrificial altar of Ru.
  3611 | D:3      | Found a glowing drain.
  3615 | Sewer    | Entered a sewer
  3662 | Sewer    | Noticed Pargi
  3682 | Sewer    | Killed Pargi
  3683 | Sewer    | Reached skill level 2 in Staves
  3683 | Sewer    | Reached skill level 5 in Armour
  3683 | Sewer    | Reached skill level 1 in Dodging
  3683 | Sewer    | Reached XP level 6. HP: 29/48 MP: 6/6
  4405 | D:3      | Noticed elongatedgoose's ghost (amateur OpTm)
  4407 | D:3      | Found a transporter.
  4412 | D:3      | Found a transporter.
  4426 | D:3      | You are sucked into a shaft and drop 2 floors!
  4426 | D:5      | Entered Level 5 of the Dungeon
  4893 | D:4      | Noticed Eustachio
  6007 | D:4      | Reached skill level 3 in Staves
  6007 | D:4      | Reached XP level 7. HP: 45/55 MP: 7/7
  6010 | D:4      | Killed Eustachio
  6011 | D:4      | Reached skill level 5 in Shields
  6494 | D:4      | Reached skill level 1 in Stealth
  6584 | D:5      | Reached skill level 4 in Staves
  6963 | D:5      | Reached XP level 8. HP: 58/61 MP: 8/8
  7163 | D:5      | You are sucked into a shaft and drop 1 floor!
  7533 | D:6      | Reached skill level 5 in Staves
  7885 | D:6      | Reached skill level 6 in Staves
  8142 | D:5      | Reached skill level 5 in Fighting
  8142 | D:5      | Reached XP level 9. HP: 52/68 MP: 9/9
  8386 | D:5      | Noticed Menkaure
  8546 | D:5      | Killed Menkaure
  8824 | D:5      | Found a blossoming altar of Fedhas.
  9076 | D:6      | Reached skill level 7 in Staves
  9735 | D:6      | Reached skill level 8 in Staves
 10368 | D:3      | Killed elongatedgoose's ghost
 11792 | D:7      | Found a staircase to the Ecumenical Temple.
 11800 | Temple   | Entered the Ecumenical Temple
 11914 | Temple   | Became a worshipper of Dithmenos the Shadowed
 12138 | D:7      | Reached skill level 9 in Staves
 12138 | D:7      | Reached XP level 10. HP: 60/74 MP: 10/10
 12952 | D:8      | Noticed Erica
 12977 | D:8      | Killed Erica
 13170 | D:8      | Reached skill level 10 in Staves
 13229 | D:8      | Reached skill level 1 in Evocations
 13746 | D:8      | Reached * piety under Dithmenos
 13920 | D:8      | Found an opulent altar of Gozag.
 14294 | D:9      | Found Wasch's Antique Armour Emporium.
 14504 | D:9      | Noticed a deep elf pyromancer
 14543 | D:8      | Killed a deep elf pyromancer
 14777 | D:9      | Reached XP level 11. HP: 81/81 MP: 11/11
 14784 | D:9      | Reached skill level 11 in Staves
 15530 | D:9      | Found Heepsi's General Store.
 15676 | D:9      | Bought the +0 pair of fencer's gloves {Riposte Dex+3} for
                  | 480 gold pieces
 15676 | D:9      | Found the +0 pair of fencer's gloves {Riposte Dex+3}
 15826 | D:9      | Found a snail-covered altar of Cheibriados.
 15835 | D:9      | Found a burning altar of Makhleb.
 15839 | D:9      | Found a hide-covered altar of Uskayaw.
 15900 | D:9      | Found a broken altar of Ashenzari.
 15900 | D:9      | Found a shimmering blue altar of Sif Muna.
 16104 | D:9      | Reached ** piety under Dithmenos
 16456 | D:9      | Found Xyxum's Antique Armour Emporium.
 16487 | D:9      | Found Qaegel's Book Shoppe.
 16733 | D:10     | Entered Level 10 of the Dungeon
 18089 | D:10     | Reached skill level 12 in Staves
 18279 | D:10     | Identified the +7 flail of the Distant Future {pain, Str+8}
 19732 | D:11     | Found a staircase to the Orcish Mines.
 20208 | D:11     | Noticed a two-headed ogre
 20511 | D:10     | Reached skill level 10 in Armour
 20987 | D:11     | Killed a two-headed ogre
 21268 | D:11     | Noticed a death yak
 21268 | D:11     | Noticed a death yak
 21510 | D:11     | Noticed a death yak
 21567 | D:10     | Slain by a death yak

Illustrated notes

Levels and vault maps discovered:
D:1:      evilmike_arrival_crescent, layout_loops_corners,
          hellmonk_ecumenical_altar_run_dry,
          nicolae_concentric_dashed_squares_mild
D:2:      layout_loops_ring, serial_shops, shop, uniq_crazy_yiuf_cottage
D:3:      layout_loops_corners, nicolae_ru_path_of_blood,
          gammafunk_ghost_mausoleum, gup_sewer_entry_bowl
D:4:      layout_rooms, uniq_eustachio
D:5:      layout_basic, fedhas_altar_4, lemuel_flame_loot_1, uniq_menkaure
D:6:      minmay_bubble_buster, layout_basic, hangedman_decor_slide_cut,
          sigmund_army
D:7:      layout_loops_ring, minmay_temple_entry_nine_rooms,
          minmay_misc_feat_tiny
D:8:      layout_gridville, marbit_many_paths, grunt_decor_one_mirror,
          amethyst_killhole, uniq_erica
D:9:      layout_cave_pods, grunt_temple_overflow_diamond,
          chequers_temple_overflow_statue_of_worship, serial_shops, shop,
          nicolae_square_shop, nicolae_stop_n_shop_2, nicolae_diamond_shop
D:10:     layout_grid_maze
D:11:     layout_gridville, dpeg_lair_monsters, david_orc_2
Temple:   nicolae_temple_superstar

Skill      XL: |  1  2  3  4  5  6  7  8  9 10 11 |
---------------+----------------------------------+-----
Armour         | 4 5 6 7 8 10 | 10.3
Polearms       | 3 |  3.1
Fighting       | 4 5 6 |  6.6
Staves         | 2 3 4 6 9 10 12 | 12.5
Dodging        | 1 2 |  2.8
Shields        | 5 6 7 8 9 |  9.0
Stealth        | 1 2 |  2.1
Evocations     | 1 |  1.2

Action                   |  1- 3 |  4- 6 |  7- 9 | 10-12 || total
-------------------------+-------+-------+-------+-------++-------
Melee: Trident           |    81 |    91 |       |       ||   172
       Quarterstaff      |       |   107 |   312 |   379 ||   798
 Abil: Shaft Self        |     1 |     1 |     1 |       ||     3
       Dig               |       |     2 |       |     2 ||     4
Evoke: Wand              |       |       |       |     2 ||     2
  Use: Potion            |       |     2 |     5 |    11 ||    18
       Scroll            |       |     7 |     5 |    10 ||    22
Armor: Scale mail        |    47 |    95 |    38 |       ||   180
       Chain mail        |       |       |    77 |    13 ||    90
       Plate armour      |       |       |       |   117 ||   117
Dodge: Dodged            |    37 |   112 |   101 |    91 ||   341
Block: Buckler           |    23 |    34 |       |       ||    57
       Kite shield       |       |    15 |   156 |   164 ||   335
       Rpst.: Quarterstaff |       |       |       |    25 ||    25
